AoeStats
← Barriletecosmico

Four Lakes

508516729Analyzed
1v1 RM · 8d ago on Sep 22, 2026· 35m 23s· 2 players
Game mode
Random Map
Map size
Tiny (2 player)
Population
200
Speed
Normal
Resources
Standard
Victory
Conquest
Starting age
Dark Age
Ending age
Imperial Age
RankedLock teamsTeams togetherTeam positionsShared explorationLock speedFull tech treeHidden civsTurbo modeCheats
Victory
Defeat
🇦🇷 Japanese · Argentina
1588
+14
🇬🇧 Danes · United Kingdom
1545
-14
Feezo
10:37 Feudal Age
17:44 Castle Age
16:45 Fletching
19:02 Forging
20:00 Medium Warships
23:29 Double-Bit Axe
24:33 Fishing Lines
28:40 Scale Mail Armor
29:47 Chain Mail Armor
30:05 Gambesons
30:21 Squires
Barriletecosmico
6:40 Loom
9:21 Feudal Age
9:54 Double-Bit Axe
20:02 Castle Age
21:15 Medium Warships
22:11 Fletching
22:44 Bow Saw
23:05 Gold Mining
24:18 Bodkin Arrow
27:16 Wheelbarrow
31:43 Imperial Age
30:58 Padded Archer Armor
30:41 Horse Collar
32:18 Ballistics
32:26 Bracer
33:27 Chemistry
33:29 Onager
Connection lost

Rejoining the realm…

Still unreachable

The connection could not be restored.

Session expired

The server has moved on; the page needs a fresh start.